 Dungeon Crawl Stone Soup version 0.14-a0-1863-gcc20582 (webtiles) character file.

154 Kae the Insei (level 4, -4/35 HPs)
             Began as a Draconian Transmuter on Jan 13, 2014.
             Slain by a centaur (10 damage)
             ... on Level 3 of the Dungeon.
             The game lasted 00:01:28 (1804 turns).

Kae the Insei (Draconian Transmuter)                Turns: 1804, Time: 00:01:28

HP  -4/35        AC  8     Str 12      XL: 4   Next: 25%
MP   7/7         EV 12     Int 14      God:
Gold 69          SH  0     Dex 12      Spells:  1 memorised,  6 levels left

rFire  . . .     SeeInvis .       - Unarmed
rCold  . . .     Clarity  .     (armour unavailable)
rNeg   . . .     Conserve .     (no shield)
rPois  .         rCorr    .     (helmet restricted)
rElec  .         rRot     .     r - +2 cloak
SustAb . .       Spirit   .     (no gloves)
rMut   .         Warding  .     (no boots)
Saprov . . .     Stasis   .     (no amulet)
MR     .....                    (no ring)
                                g - ring of flight

@: appendage (expiring), not resistant to hostile enchantments, unstealthy
A: unfitting armour, horns 2, AC +5
a: End Transformation, Evoke Flight


You were on level 3 of the Dungeon.
You were very hungry.
You had grown temporary horns.
You visited 1 branch of the dungeon, and saw 3 of its levels.

You collected 69 gold pieces.

Inventory:

Missiles
 b - 21 arrows
 w - 13 arrows of dispersal
Armour
 r - a +2 cloak (worn)
Comestibles
 a - a bread ration
 i - a pear
Scrolls
 c - 3 scrolls of noise {unknown}
 f - 2 scrolls of remove curse {unknown}
 h - a scroll of amnesia {unknown}
 k - a scroll of recharging {unknown}
 n - a scroll of identify {unknown}
 o - a scroll of blinking {unknown}
 p - a scroll of teleportation {unknown}
 u - a scroll of fog {unknown}
 v - a scroll of enchant weapon I {unknown}
 y - a scroll of magic mapping {unknown}
 z - a scroll of enchant armour {unknown}
Jewellery
 g - a ring of flight (left hand)
 x - an uncursed ring of protection from fire {unknown}
Potions
 e - a potion of degeneration {unknown}
 j - 2 potions of heal wounds {unknown}
 l - a potion of curing {unknown}
 m - a potion of might {unknown}
 q - a potion of confusion {unknown}
 s - a potion of agility {unknown}
 t - 2 potions of magic {unknown}
Books
 d - a book of Changes

   Spells                             Type                      Level
   *Beastly Appendage                 Transmutation                1
   Sticks to Snakes                   Transmutation                2
   Spider Form                        Transmutation/Poison         3
   Ice Form                           Ice/Transmutation            4
   Blade Hands                        Transmutation                5


   Skills:
 - Level 1.1 Fighting
 - Level 1.7 Dodging
 + Level 5.1 Unarmed Combat
 - Level 2.0 Spellcasting
 - Level 2.0 Transmutations


You had 6 spell levels left.
You knew the following spells:

 Your Spells              Type           Power        Failure   Level  Hunger
a - Beastly Appendage     Trmt           #.....       12%         1    ##.....


Dungeon Overview and Level Annotations

Branches:
Dungeon (3/16)

Altars:
Fedhas


Innate Abilities, Weirdness & Mutations

Your plain brown scales are hard (AC +5).
Your body does not fit into most forms of armour.
Your cold-blooded metabolism reacts poorly to cold.
You have a pair of horns on your head.


Message History

The centaur is moderately wounded.
Your transformation is almost over.
The centaur barely misses you. The centaur misses you.
You hit the centaur.
You headbutt the centaur, but do no damage.
The centaur is heavily wounded.
The centaur hits you but does no damage.
You hit the centaur.
The centaur is heavily wounded.
The centaur hits you.
* * * LOW HITPOINT WARNING * * *
You hit the centaur.
Your tail-slap misses the centaur.
The centaur is almost dead.
The centaur hits you but does no damage.
The centaur barely misses you.
You barely miss the centaur.
You headbutt the centaur, but do no damage.
The centaur is almost dead.
The centaur hits you!
You die...

..##......#.........
######## ..##......#
#.....P ..####....#
#.....# ..# #....#
#(# ..####....# #.#
..........# #.# #
..........# #.# #
..........# ####c# #
.........#####..@.#
#
#########....'..>>#
# #.####....# # #.#
#....# # #.# ######
# #.# # #.. # # ###
# .. #


You could see a centaur.

Vanquished Creatures
  3 adders
  2 worms (D:2)
  A giant gecko (D:1)
  5 goblins
  6 hobgoblins
  6 jackals
  4 kobolds
  5 bats
  3 giant cockroaches
  3 giant newts (D:2)
  8 rats
46 creatures vanquished.

Notes
Turn   | Place    | Note
--------------------------------------------------------------
     0 | D:1      | Kae, the Draconian Transmuter, began the quest for the Orb.
     0 | D:1      | Reached XP level 1. HP: 16/16 MP: 3/3
   211 | D:1      | Reached XP level 2. HP: 18/23 MP: 4/4
   382 | D:1      | Reached skill level 4 in Unarmed Combat
   783 | D:2      | Reached XP level 3. HP: 25/28 MP: 6/6
  1212 | D:2      | Reached XP level 4. HP: 15/35 MP: 7/7
  1374 | D:2      | Reached skill level 5 in Unarmed Combat
  1781 | D:3      | Found a blossoming altar of Fedhas.
  1781 | D:3      | Noticed a centaur
  1804 | D:3      | Slain by a centaur

Action                   |  1- 3 |  4- 6 || total
-------------------------+-------+-------++-------
Melee: Unarmed           |   137 |    35 ||   172
 Cast: Beastly Appendage |     7 |     2 ||     9
 Stab: Sleeping          |     1 |       ||     1
